 Dungeon Crawl Stone Soup version 0.29.1-12-g30fa7ad0bf (webtiles) character file.

Game seed: 4468404203432142026

35 wingedge the Digger (level 3, 0/28 HPs)
             Began as a Human Earth Elementalist on Dec 21, 2022.
             Slain by an orc priest
             ... wielding a +0 club
              (5 damage)
             ... on level 1 of the Dungeon.
             The game lasted 00:02:51 (1386 turns).

wingedge the Digger (Human Earth Elementalist)      Turns: 1386, Time: 00:02:51

Health: 0/28       AC:  3    Str:  8    XL:     3   Next: 55%
Magic:  4/6        EV: 12    Int: 17    God:
Gold:   49         SH:  0    Dex: 13    Spells: 2/6 levels left

rFire   . . .      SeeInvis .   j - +0 trident
rCold   . . .      Faith    .   (no shield)
rNeg    . . .      Spirit   .   a - +0 robe
rPois   .          Reflect  .   (no helmet)
rElec   .          Harm     .   g - +0 cloak
rCorr   .          Rampage  .   (no gloves)
Will    .....                   (no boots)
Stlth   ++........              (no amulet)
HPRegen 0.09/turn               (no ring)
MPRegen 0.10/turn               (no ring)

@: no status effects
A: no striking features
a: no special abilities


You were on level 1 of the Dungeon.
You visited 1 branch of the dungeon, and saw 2 of its levels.

You collected 49 gold pieces.

Inventory:

Hand Weapons
 e - a +0 dagger
 j - a +0 trident (weapon)
Missiles
 h - 6 javelins (quivered)
Armour
 a - a +0 robe (worn)
 g - a +0 cloak (worn)
 i - a +0 ring mail
Scrolls
 c - 8 scrolls of identify {unknown}
 d - a scroll of noise {unknown}
 f - a scroll of poison {unknown}


   Skills:
 + Level 2.7 Fighting
 + Level 0.6 Throwing
 - Level 2.0 Dodging
 - Level 2.0 Stealth
 - Level 2.0 Spellcasting
 - Level 1.0 Transmutations
 - Level 3.0 Earth Magic


You had 2 spell levels left.
You knew the following spells:

 Your Spells              Type           Power      Damage    Failure   Level
a - Sandblast             Erth           22%        2d7       5%          1
b - Stone Arrow           Conj/Erth      12%        3d7       30%         3

Your spell library contained the following spells:

 Spells                   Type           Power      Damage    Failure   Level
 Passwall                 Tmut/Erth      6%         N/A       13%         2
 Petrify                  Tmut/Erth      8%         N/A       63%         4


Dungeon Overview and Level Annotations

Branches:
Dungeon (2/15)

Altars:


Message History

Aiming: Sandblast (safe; 5% risk of failure)
Press: ? - help, Shift-Dir - straight line, f - orc priest
Aim: an orc priest, wielding a +0 club and wearing a +0 ring mail (84% to hit)
The blast of sand hits the orc priest.
The orc priest is lightly wounded.
The orc barely misses you. The orc priest hits you with a +0 club.
Casting: Sandblast (safe; 5% risk of failure)
Confirm with . or Enter, or press ? or * to list all spells.
Aiming: Sandblast (safe; 5% risk of failure)
Press: ? - help, Shift-Dir - straight line, p - orc priest The orc hits you with a +0 dagger.
The orc priest misses you. The orc barely misses you.
The orc priest hits you with a +0 club.
Casting: Sandblast (safe; 5% risk of failure)
Confirm with . or Enter, or press ? or * to list all spells.
Aiming: Sandblast (safe; 5% risk of failure)
Press: ? - help, Shift-Dir - straight line, f - orc priest
Aim: an orc priest, wielding a +0 club and wearing a +0 ring mail (84% to hit)
The blast of sand hits the orc priest but does no damage.
The orc hits you with a +0 dagger. The orc priest barely misses you.
Magic courses through your body. The orc hits you with a +0 dagger.
The orc priest looks braver for a moment.
Casting: Sandblast (safe; 5% risk of failure)
Confirm with . or Enter, or press ? or * to list all spells.
Aiming: Sandblast (safe; 5% risk of failure)
Press: ? - help, Shift-Dir - straight line, f/p - orc priest
Aim: an orc priest, wielding a +0 club and wearing a +0 ring mail (84% to hit)
The blast of sand hits the orc priest but does no damage.
The orc hits you with a +0 dagger. The orc priest hits you with a +0 club.
* * * LOW HITPOINT WARNING * * *
The orc barely misses you. The orc priest barely misses you.
Casting: Sandblast (safe; 5% risk of failure)
Confirm with . or Enter, or press ? or * to list all spells.
Aiming: Sandblast (safe; 5% risk of failure)
Press: ? - help, Shift-Dir - straight line, f/p - orc priest
Aim: an orc priest, wielding a +0 club and wearing a +0 ring mail (84% to hit)
The blast of sand hits the orc priest but does no damage.
The orc hits you with a +0 dagger.
* * * LOW HITPOINT WARNING * * *
The orc priest hits you with a +0 club.
You die...

..#...........## ##..##.###.#####
#.............## ##..#....#......
##...##...8....###...#.##.#......
...#...#.............#......#####
..#..................#..#........
######################..#########
###....#..# # #...##.#..# #
#o@.##.#..# # #.o.......# ######
##########.##.# #.....
#.............####.####
#.########.......#.# #.#
#########.#.#### #.# #...#
#(#..... #.# ###.# #.###### #.#
#.# #.# #


You could see an orc priest and an orc.

Vanquished Creatures
  An adder (D:2)
  4 giant cockroaches (D:1)
  3 goblins (D:1)
  2 hobgoblins (D:1)
  5 jackals (D:1)
  2 quokkas (D:1)
  3 bats (D:1)
  A frilled lizard (D:1)
  A rat (D:1)
22 creatures vanquished.

Notes
Turn   | Place    | Note
-------+----------+-------------------------------------------
     0 | D:1      | wingedge the Human Earth Elementalist began the quest for
                  | the Orb.
     0 | D:1      | Reached XP level 1. HP: 13/13 MP: 3/3
    76 | D:1      | Reached skill level 1 in Fighting
   231 | D:1      | Reached XP level 2. HP: 21/21 MP: 1/5
   559 | D:1      | Reached XP level 3. HP: 28/28 MP: 2/6
   631 | D:1      | Learned a level 3 spell: Stone Arrow
  1386 | D:1      | Slain by an orc priest

Illustrated notes

Levels and vault maps discovered:
D:1:      erik_arrival_cave_to_civilisation [erik_arrival_cave_to_hall],
          layout_basic, corexii_hall_statues_l
D:2:      layout_basic, shapermc_ecumenical_altar_gd, serial_glass,
          glass_columns_b, glass_columns_a, glass_columns_a, glass_columns_b,
          glass_columns_c, glass_columns_a, glass_columns_b, glass_columns_a,
          serial_shops, shop, minmay_quadrilaterals, uniq_sigmund

Skill      XL: |  1  2 |
---------------+-------+-----
Fighting       | 1 2 |  2.7
Throwing       | |  0.6
Dodging        | |  2.0
Stealth        | |  2.0
Spellcasting   | |  2.0
Transmutations | |  1.0
Earth Magic    | |  3.0

Action                   || total
-------------------------++-------
Melee: Dagger            ||    11
 Cast: Sandblast         ||    37
  Use: Potion            ||     1
Armor: Robe              ||    10
Dodge: Dodged            ||    30
